 Dungeon Crawl Stone Soup version 0.19.0-20-gbc5f0c6 (webtiles) character file.

1490 dobroeutro the Basher (level 8, -2/48 HPs)
             Began as a Gargoyle Fighter on Nov 17, 2016.
             Was a Follower of Okawaru.
             Shot with an arrow by a centaur (10 damage)
             ... on level 7 of the Dungeon.
             The game lasted 00:06:55 (5584 turns).

dobroeutro the Basher (Gargoyle Fighter)            Turns: 5584, Time: 00:06:56

Health: -2/48      AC: 13    Str: 20    XL:     8   Next: 80%
Magic:  8/8        EV:  8    Int: 10    God:    Okawaru [*.....]
Gold:   348        SH:  9    Dex: 13    Spells: 0 memorised, 7 levels left

rFire  + . .     SeeInvis .     a - +0 flail
rCold  . . .     Gourm    .     b - +0 scale mail
rNeg   + . .     Faith    .     c - +0 shield
rPois  ∞         Spirit   .     (no helmet)
rElec  +         Reflect  .     (no cloak)
rCorr  .         Harm     .     (no gloves)
MR     .....                    v - +0 pair of boots
Stlth  ..........               (no amulet)
                                y - ring of protection from fire
                                o - +3 ring of dexterity

@: no status effects
A: negative energy resistance 1, electricity resistance, unbreathing,
petrification resistance, rot immunity, AC +5
a: Heroism, Renounce Religion


You were on level 7 of the Dungeon.
You worshipped Okawaru.
Okawaru was aware of your devotion.
You were near starving.

You visited 2 branches of the dungeon, and saw 8 of its levels.

You collected 348 gold pieces.

Inventory:

Hand Weapons
 a - a +0 flail (weapon)
Armour
 b - a +0 scale mail (worn)
 c - a +0 shield (worn)
 v - a +0 pair of boots (worn)
Jewellery
 o - a +3 ring of dexterity (left hand)
 y - a ring of protection from fire (right hand)
Wands
 n - a wand of slowing (19/48)
 w - a wand of random effects (25/48)
 z - a wand of digging (6/24)
 G - a wand of confusion (15/48)
 J - a wand of flame (30/48)
Scrolls
 i - 2 scrolls of amnesia {unknown}
 k - 2 scrolls of magic mapping {unknown}
 p - 3 scrolls of remove curse {unknown}
 q - 2 scrolls of identify {unknown}
 u - 3 scrolls of recharging {unknown}
 x - a scroll of teleportation {unknown}
 A - a scroll of immolation {unknown}
 C - a scroll of random uselessness {unknown}
 D - a scroll of fear {unknown}
 E - a scroll of noise {unknown}
 F - a scroll of fog {unknown}
Potions
 d - 3 potions of might
 e - 3 potions of haste {unknown}
 j - a potion of invisibility {unknown}
 l - a potion of mutation {unknown}
 m - 3 potions of resistance {unknown}
 s - 2 potions of ambrosia {unknown}
 B - 2 potions of degeneration {unknown}
 I - a potion of lignification {unknown}
 K - a potion of brilliance {unknown}
 L - a potion of cancellation {unknown}
Books
 H - a book of Necromancy

   Spells                             Type                      Level
   a - Pain                           Necromancy                   1
   b - Animate Skeleton               Necromancy                   1
   c - Vampiric Draining              Necromancy                   3
   d - Regeneration                   Charms/Necromancy            3
   e - Animate Dead                   Necromancy                   4
   f - Control Undead                 Necromancy                   4
Comestibles
 f - 6 bread rations
 g - 2 slices of pizza
 h - 4 beef jerkies
 r - 5 fruits
 t - 4 meat rations


   Skills:
 + Level 4.1 Fighting
 * Level 10.1 Maces & Flails
 + Level 4.2 Armour
 + Level 1.2 Dodging
 - Level 3.2 Shields


You had 7 spell levels left.
You didn't know any spells.

Dungeon Overview and Level Annotations

Branches:
Dungeon (7/15)             Temple (1/1) D:6

Altars:
Ashenzari
Cheibriados
Dithmenos
Elyvilon
Gozag
Hepliaklqana
Makhleb
Nemelex Xobeh
Okawaru
Qazlal
Ru
Sif Muna
Trog
Uskayaw
Vehumet
Xom
Yredelemnul
Zin

Shops:
D:6 ?

Annotations:
D:7 Menkaure


Innate Abilities, Weirdness & Mutations

You are resistant to torment.
Your stone body is resilient. (AC +5)
You are immune to poison.
You resist negative energy. (rN+)
You are resistant to electric shocks. (rElec)
You can survive without breathing.
You are immune to petrification.
You are immune to rotting.


Message History

Your body is wracked with pain!
The quokka convulses!
The centaur convulses!
The centaur shoots an arrow.
You block the arrow.
You barely miss Menkaure.
Menkaure is severely damaged.
Menkaure barely misses you.
The centaur shoots an arrow.
The arrow hits you! You block the quokka's attack.
Unknown command.
You hit Menkaure but do no damage.
Menkaure is severely damaged.
Menkaure hits you!
* * * LOW HITPOINT WARNING * * *
The quokka bites you but does no damage.
The centaur shoots an arrow.
You block the arrow.
Unknown command.
You completely miss Menkaure.
Menkaure is severely damaged.
The quokka misses you.
Menkaure points at you and mumbles some strange words.
You struggle to resist.
The centaur shoots an arrow.
The arrow hits you!
You die...

.............## ##...
................####....
.....#............##...#
./.##.......<)##.......#
...........#.#####.....#
......:.c....## ###...#
#......[.....# ##....#
#.....r.###..###......
##..M@.## #..........
#.....# ...##..<..
#.###.# #.###...## #.
##. #.. #..## .. #. .
....## ## #. #### ##


You could see Menkaure, a centaur and a quokka.

Vanquished Creatures
  Duvessa (D:7)
  An ice beast (D:6)
  2 ogres
  A phantom (D:5)
  2 bullfrogs (D:6)
  A water moccasin skeleton (D:6)
  5 howler monkeys
  A crimson imp (D:6)
  2 orc wizards
  2 orc priests
  2 centaur skeletons
  3 hounds
  Natasha (thrice) (D:3)
  5 worker ants
  A hound zombie (D:5)
  A gnoll (D:1)
  5 adders
  2 shadow imps
  3 worms
  3 dart slugs
  4 leopard geckos
  14 orcs
  A ball python (D:1)
  6 bats
  A giant cockroach (D:4)
  7 goblins
  3 hobgoblins
  3 jackals (D:6)
  5 frilled lizards
  9 kobolds
  7 rats
106 creatures vanquished.

Notes
Turn   | Place    | Note
-------+----------+-------------------------------------------
     0 | D:1      | dobroeutro the Gargoyle Fighter began the quest for the Orb.
     0 | D:1      | Reached XP level 1. HP: 14/14 MP: 1/1
   126 | D:1      | Reached XP level 2. HP: 17/19 MP: 2/2
   472 | D:1      | Reached XP level 3. HP: 14/23 MP: 3/3
  1168 | D:2      | Reached skill level 3 in Maces & Flails
  1168 | D:2      | Reached XP level 4. HP: 25/28 MP: 4/4
  1277 | D:2      | Reached skill level 1 in Dodging
  1428 | D:3      | Noticed Natasha
  1448 | D:3      | Killed Natasha
  1608 | D:3      | Noticed Natasha
  1615 | D:3      | Killed Natasha
  1615 | D:3      | Reached XP level 5. HP: 25/33 MP: 5/5
  1935 | D:3      | Noticed Natasha
  1949 | D:3      | Killed Natasha
  3057 | D:4      | Reached skill level 4 in Maces & Flails
  3084 | D:4      | Noticed an ogre
  3090 | D:4      | Killed an ogre
  3090 | D:4      | Reached XP level 6. HP: 29/38 MP: 6/6
  3205 | D:4      | Reached skill level 5 in Maces & Flails
  3715 | D:4      | Found a burning altar of Makhleb.
  3721 | D:4      | Reached skill level 6 in Maces & Flails
  3780 | D:4      | Reached XP level 7. HP: 39/43 MP: 7/7
  3870 | D:5      | Entered Level 5 of the Dungeon
  3994 | D:5      | Reached skill level 7 in Maces & Flails
  4617 | D:6      | Reached skill level 8 in Maces & Flails
  4617 | D:6      | Reached XP level 8. HP: 45/48 MP: 8/8
  4653 | D:6      | Found Deseo's Magic Scroll Boutique.
  4701 | D:6      | Found a staircase to the Ecumenical Temple.
  4743 | Temple   | Entered the Ecumenical Temple
  4868 | Temple   | Became a worshipper of Warmaster Okawaru
  5222 | D:6      | Reached skill level 9 in Maces & Flails
  5410 | D:6      | Reached * piety under Okawaru
  5558 | D:7      | Noticed Duvessa
  5566 | D:7      | Killed Duvessa
  5566 | D:7      | Reached skill level 10 in Maces & Flails
  5567 | D:7      | Noticed Menkaure
  5584 | D:7      | Shot with an arrow by a centaur

Skill      XL: |  1  2  3  4  5  6  7  8 |
---------------+-------------------------+-----
Maces & Flails | 3 4 6 8 10 | 10.1
Dodging        | 1 |  1.2
Armour         | 4 |  4.2
Fighting       | 4 |  4.1
Shields        | |  3.2

Action                   |  1- 3 |  4- 6 |  7- 9 || total
-------------------------+-------+-------+-------++-------
Melee: Flail             |   107 |   146 |   251 ||   504
Evoke: Wand              |       |     3 |     1 ||     4
  Eat: Chunk             |       |     9 |     6 ||    15
Armor: Scale mail        |    54 |    67 |   146 ||   267
Dodge: Dodged            |    36 |    37 |    86 ||   159
Block: Shield            |    55 |    69 |   130 ||   254
